 Dungeon Crawl Stone Soup version 0.29-a0-838-g385bb11a5b (webtiles) character file.

Game seed: 6704180924977671081

114 IdlyInterested the Cudgeller (level 4, -4/33 HPs)
             Began as a Demonspawn Gladiator on July 13, 2022.
             Slain by audacious124's ghost (7 damage)
             ... on level 3 of the Dungeon.
             The game lasted 00:09:48 (2783 turns).

IdlyInterested the Cudgeller (Demonspawn Gladiator) Turns: 2783, Time: 00:09:49

Health: -4/33      AC: 16    Str: 16    XL:     4   Next: 67%
Magic:  4/4        EV:  7    Int:  9    God:
Gold:   178        SH:  0    Dex: 15    Spells: 3/3 levels left

rFire   . . .      SeeInvis .   b - +2 eveningstar (protect)
rCold   . . .      Faith    .   (no shield)
rNeg    . . .      Spirit   .   c - +0 chain mail
rPois   .          Reflect  .   (helmet restricted)
rElec   .          Harm     .   l - +0 cloak
rCorr   .          Rampage  .   (no gloves)
Will    .....                   (no boots)
Stlth   ..........              (no amulet)
HPRegen 0.11/turn               (no ring)
MPRegen 0.09/turn               (no ring)

@: mighty, under a protective aura
A: antennae 1, demonic magic 2
a: no special abilities


You were on level 3 of the Dungeon.
You visited 1 branch of the dungeon, and saw 3 of its levels.

You collected 178 gold pieces.

Inventory:

Hand Weapons
 a - a +0 flail
 b - a +2 eveningstar of protection (weapon)
Missiles
 d - 3 throwing nets
 e - a javelin
 i - 8 boomerangs
 n - 12 poisoned darts (quivered)
Armour
 c - a +0 chain mail (worn)
 l - a +0 cloak (worn)
 q - a +0 scale mail
Wands
 m - a wand of roots (7)
Scrolls
 g - 2 scrolls of identify
 j - a scroll of teleportation
 k - a scroll of fear
 o - a scroll of fog {unknown}
Potions
 h - a potion of might


   Skills:
 - Level 2.0 Fighting
 * Level 3.8 Maces & Flails
 - Level 1.7 Throwing
 * Level 2.4 Armour
 - Level 2.6 Dodging
 - Level 1.0 Stealth
 - Level 1.0 Evocations


You had 3 spell levels left.
You didn't know any spells.
Your spell library contained the following spells:

 Spells                   Type           Power      Damage    Failure   Level
 Dazzling Flash           Conj/Hex       0%         N/A       100%        3
 Agony                    Necr           0%         N/A       100%        5
 Silence                  Hex/Air        0%         N/A       100%        5


Dungeon Overview and Level Annotations

Branches:
Dungeon (3/15)

Altars:

Annotations:
D:3 audacious124's ghost, amateur MfGl


Innate Abilities, Weirdness & Mutations

You have a pair of small antennae on your head.
Spells you cast may paralyse nearby enemies.


Message History

Audacious124's ghost hits you but does no damage.
You hit audacious124's ghost but do no damage.
Audacious124's ghost is lightly damaged.
Audacious124's ghost barely misses you.
You barely miss audacious124's ghost.
Audacious124's ghost is lightly damaged.
Audacious124's ghost hits you.
You barely miss audacious124's ghost.
Audacious124's ghost is lightly damaged.
Audacious124's ghost hits you!
Audacious124's ghost hits you but does no damage.
You closely miss audacious124's ghost.
Audacious124's ghost is lightly damaged.
Audacious124's ghost hits you but does no damage.
You sock audacious124's ghost!
Your weapon exudes an aura of protection.
Audacious124's ghost is moderately damaged.
Audacious124's ghost hits you but does no damage.
You hit audacious124's ghost but do no damage.
Audacious124's ghost is moderately damaged.
Audacious124's ghost hits you. Audacious124's ghost hits you!
You thump audacious124's ghost!
Audacious124's ghost is moderately damaged.
Audacious124's ghost hits you but does no damage.
You feel very mighty all of a sudden.
Audacious124's ghost hits you but does no damage.
You closely miss audacious124's ghost.
Audacious124's ghost is moderately damaged.
Audacious124's ghost hits you.
* * * LOW HITPOINT WARNING * * *
You feel better. Audacious124's ghost barely misses you.
You impale audacious124's ghost!!
Audacious124's ghost is severely damaged.
Audacious124's ghost hits you!
* * * LOW HITPOINT WARNING * * *
Audacious124's ghost hits you but does no damage.
You puncture audacious124's ghost!
Audacious124's ghost is almost destroyed.
Audacious124's ghost hits you!
You die...

#.#...#.####.....#.##.#..........
###...#.# #.....#.##.#.....#####
...##.#.####.....#....#.....# #
...#.##........########.....## #
...####........# #..........# #
+##'###....<...####..........####
#..#.##..........##..........##..
##.#..#........#.##..............
.##.###.........@.#..........##..
.#..###.........W.#..........##..
#)##'##.......##'##...##########.
......###..##.#.≈.#...#.......#..
.8..8.# ##.##.#.≈.#...#...8...#..
......# #.##.#.≈.#...#..♣.♣).#..
#'##### #.##.#.≈.#####.8.♣[8.'..
#.# #..#.#.!.#...#..♣.♣..#.. #.#
##.#.#####...#...8...###


You could see audacious124's ghost.

Vanquished Creatures
  Terence (D:3)
  3 adders
  5 orcs (D:3)
  7 ball pythons
  5 bats
  7 endoplasms
  2 giant cockroaches (D:1)
  6 goblins
  4 hobgoblins
  A jackal (D:3)
  8 kobolds
  A quokka (D:3)
  2 frilled lizards (D:3)
  2 rats
54 creatures vanquished.

Notes
Turn   | Place    | Note
-------+----------+-------------------------------------------
     0 | D:1      | IdlyInterested the Demonspawn Gladiator began the quest for
                  | the Orb.
     0 | D:1      | Reached XP level 1. HP: 16/16 MP: 1/1
   191 | D:1      | Gained mutation: You have a pair of small antennae on your
                  | head. [demonic ancestry]
   191 | D:1      | Reached XP level 2. HP: 22/22 MP: 2/2
   646 | D:1      | Reached skill level 1 in Stealth
   646 | D:1      | Reached skill level 1 in Evocations
   681 | D:1      | Reached skill level 1 in Armour
   683 | D:1      | Reached skill level 3 in Maces & Flails
   710 | D:1      | Found a faded altar of an unknown god.
  1182 | D:2      | Gained mutation: Spells you cast may paralyse adjacent
                  | enemies. [demonic ancestry]
  1182 | D:2      | Reached XP level 3. HP: 25/27 MP: 3/3
  1763 | D:3      | Identified a scroll of acquirement
  1763 | D:3      | Acquired a +2 eveningstar of protection
  1766 | D:3      | Noticed Terence
  1773 | D:3      | Killed Terence
  1774 | D:3      | Gained mutation: Spells you cast may paralyse nearby
                  | enemies. [demonic ancestry]
  1774 | D:3      | Reached XP level 4. HP: 15/33 MP: 4/4
  2068 | D:3      | Found a runed translucent door.
  2764 | D:3      | Noticed audacious124's ghost (amateur MfGl)
  2783 | D:3      | Slain by audacious124's ghost

Illustrated notes

Levels and vault maps discovered:
D:1:      minmay_arrival_widening_spiral_wide, layout_rooms,
          shapermc_ecumenical_altar_totnotflames
D:2:      layout_rooms
D:3:      minmay_chambers_of_threes, layout_basic,
          ebering_ghost_reflecting_pool, kennysheep_generic_room_10,
          uniq_terence

Skill      XL: |  1  2  3 |
---------------+----------+-----
Stealth        | 1 |  1.0
Evocations     | 1 |  1.0
Armour         | 1 2 |  2.4
Maces & Flails | 3 |  3.8
Fighting       | |  2.0
Throwing       | |  1.7
Dodging        | |  2.6

Action                   |  1- 3 |  4- 6 || total
-------------------------+-------+-------++-------
Melee: Flail             |    81 |       ||    81
       Eveningstar       |     6 |    68 ||    74
Throw: Boomerang         |     5 |     3 ||     8
       Dart              |     1 |     6 ||     7
       Javelin           |     1 |       ||     1
Evoke: Wand              |       |     1 ||     1
  Use: Scroll            |     7 |     3 ||    10
       Potion            |       |     2 ||     2
 Stab: Sleeping          |     1 |       ||     1
Armor: Ring mail         |    32 |       ||    32
       Scale mail        |    16 |    14 ||    30
       Chain mail        |       |    32 ||    32
Dodge: Dodged            |    56 |    32 ||    88

Table legend: (Time is in decaauts)
 A = Elapsed time spent in this place.
 B = Non-inter-level travel time spent in this place.
 C = Inter-level travel time spent in this place.
 D = Time resting spent in this place.
 E = Time spent auto-exploring this place.
 F = Levels seen in this place.
 G = Mean time per level.
                   A        B        C        D        E       F      G
               +--------+--------+--------+--------+--------+-----+--------+
         Total |   2826 |   2699 |    127 |   1009 |   1095 |   3 |  942.0 |
       Dungeon |   2826 |   2699 |    127 |   1009 |   1095 |   3 |  942.0 |
               +--------+--------+--------+--------+--------+-----+--------+

Top non-repeatable levels by time:
     D:1: 1080 daAuts
     D:3: 1048 daAuts
     D:2: 697 daAuts
